 Dungeon Crawl Stone Soup version 0.30.0-29-ga12c61a403 (webtiles) character file.

Game seed: 13521211333672792516

79 qw the Chopper (level 4, -2/28 HPs)
             Began as a Gargoyle Fighter on June 4, 2023.
             Killed by nerve-wracking pain
             ... invoked by Jessica
              (3 damage)
             ... on level 2 of the Dungeon.
             The game lasted 00:00:40 (1044 turns).

qw the Chopper (Gargoyle Fighter)                   Turns: 1044, Time: 00:00:40

Health: -2/28      AC: 11    Str: 21    XL:     4   Next: 37%
Magic:  4/4        EV:  9    Int:  9    God:
Gold:   29         SH:  4    Dex:  9    Spells: 3/3 levels left

rFire   . . .        Y - +0 war axe
rCold   . . .        c - +0 buckler
rNeg    + . .        b - +0 scale mail
rPois   inf          a - +0 helmet
rElec   +            (no cloak)
rCorr   .            (no gloves)
SInv    .            (no boots)
Will    .....        (no amulet) Stlth
                     (no ring)
HPRegen 0.24/turn    (no ring)
MPRegen 0.09/turn

%: no passive effects
@: no status effects
A: sickness immunity, AC +3, negative energy resistance 1, electricity
resistance, torment resistance 1, petrification resistance
a: no special abilities


You were on level 2 of the Dungeon.
You visited 1 branch of the dungeon, and saw 2 of its levels.

You collected 29 gold pieces.


Innate Abilities, Weirdness & Mutations

You are immune to sickness and miasma.
Your stone body is resilient. (AC +3)
You are immune to poison.
You resist negative energy. (rN+)
You are resistant to electric shocks. (rElec)
You are resistant to unholy torment.
You are immune to petrification.


   Skills:
 - Level 3.2 Fighting
 + Level 4.1 Axes
 - Level 3.2 Armour
 - Level 3.2 Shields


You had 3 spell levels left.
You didn't know any spells.
Your spell library was empty.

Inventory:

Hand Weapons
 i - a +0 whip
 Y - a +0 war axe (weapon)
Armour
 a - a +0 helmet (worn)
 b - a +0 scale mail (worn)
 c - a +0 buckler (worn)
Scrolls
 f - 2 scrolls of silence {unknown}
 h - a scroll of teleportation {unknown}
 m - 2 scrolls of identify {unknown}
Potions
 d - a potion of might
 e - a potion of magic {unknown}
 g - 2 potions of curing {unknown}
 j - a potion of lignification {unknown}
 k - a potion of mutation {unknown}
 l - a potion of heal wounds {unknown}

Dungeon Overview and Level Annotations

Branches:
Dungeon (2/15)

Altars:

Shops:
D:1 (

Annotations:
D:2 Jessica


Message History

The hobgoblin shouts!
Jessica grins evilly.
Jessica hits you with a +0 club.
You barely miss Jessica.
Jessica mumbles some strange words.
Jessica blinks!
Jessica casts a spell.
Jessica seems to speed up.
You block the hobgoblin's attack.
Enter note:
Enter note:
Enter note:
Enter note: You slash the hobgoblin!
You kill the hobgoblin!
Jessica drinks a potion.
Jessica flickers and vanishes!
Deactivating autopickup; reactivate with Ctrl-A.
You swing at nothing.
Something hits you but does no damage.
You miss something. Something hits you. Something hits you but does no damage.
You closely miss something.
You hear a zap.
A puff of flame appears from out of thin air!
The puff of flame hits you! Something hits you.
You closely miss something.
You hear a zap.
A puff of flame appears from out of thin air!
The puff of flame hits you but does no damage.
Something hits you.
You closely miss something.
You hear a zap.
A puff of flame appears from out of thin air!
The puff of flame hits you. Something hits you but does no damage.
You hit something. Something hits you.
You hear some strange, mumbled words.
You swing at nothing.
Something tries to affect you, but you resist.
Pain shoots through your body!
You die...

### ..# #.# #.# #.# #.#
#.#@################
#...................
.......################
...=..#.# #..
..#.#.#.##############.#
# #.#.#.#...............
# # #.#.############.#
#.#'######## #.#
#.......>..#####.#


There were no monsters in sight!

Vanquished Creatures
  Robin (D:2)
  A gnoll (D:1)
  An adder (D:2)
  A worm (D:2)
  2 dart slugs (D:2)
  2 ball pythons (D:1)
  A bat (D:1)
  2 endoplasms
  A giant cockroach (D:1)
  15 goblins
  6 hobgoblins
  2 frilled lizards (D:1)
  2 kobolds
  2 rats
39 creatures vanquished.

Notes
Turn   | Place    | Note
-------+----------+-------------------------------------------
     0 | D:1      | qw the Gargoyle Fighter began the quest for the Orb.
     0 | D:1      | Reached XP level 1. HP: 14/14 MP: 1/1
     0 | D:1      | 0 ||| qw: Version: 0.2-a-103-g5a998e5
     0 | D:1      | 0 ||| qw: Game counter: 1135
     0 | D:1      | 0 ||| qw: Always use a shield: true
     0 | D:1      | 0 ||| qw: God list: Okawaru
     0 | D:1      | 0 ||| qw: Allow faded altars: false
     0 | D:1      | 0 ||| qw: Do Orc after D:15 true
     0 | D:1      | 0 ||| qw: Do second Lair branch before Depths: true
     0 | D:1      | 0 ||| qw: Lair rune preference: random
     0 | D:1      | 0 ||| qw: Plans: Normal, Zot:1-4, Slime:5, God:TSO, Crypt,
                  | Tomb, Pan, Hells, Abyss, Win
     0 | D:1      | 0 ||| PLANNING D:1-11
    67 | D:1      | Reached skill level 2 in Axes
    79 | D:1      | Found a faded altar of an unknown god.
   192 | D:1      | Reached XP level 2. HP: 19/19 MP: 2/2
   198 | D:1      | Found Pauniol's Antique Weapon Shop.
   214 | D:1      | 214 ||| SHOPLISTING mace (78 gold, have 8).
   214 | D:1      | 214 ||| SHOPLISTING whip (65 gold, have 8).
   217 | D:1      | 217 ||| DROPPING +0 club.
   362 | D:1      | Reached skill level 3 in Axes
   422 | D:1      | Reached XP level 3. HP: 23/23 MP: 3/3
   630 | D:1      | 630 ||| READING scroll labelled DOT MERASKAV.
   631 | D:1      | 631 ||| READING scroll labelled TEWESOO ISALE.
   632 | D:1      | 632 ||| READING scroll labelled UPEAPN GUSE.
   664 | D:2      | 664 ||| Stepping ~*~*~tactically~*~*~ (hiding).
   675 | D:2      | Noticed Robin
   676 | D:2      | 676 ||| Stepping ~*~*~tactically~*~*~ (hiding).
   678 | D:2      | 678 ||| Stepping ~*~*~tactically~*~*~ (hiding).
   691 | D:2      | Killed Robin
   735 | D:2      | 735 ||| FLEEEEING.
   737 | D:2      | 737 ||| STAIRDANCE
   751 | D:1      | 751 ||| UPGRADING to +0 helmet.
   768 | D:2      | 768 ||| Stepping ~*~*~tactically~*~*~ (stealth).
   772 | D:2      | Reached XP level 4. HP: 28/28 MP: 4/4
   875 | D:2      | Reached skill level 4 in Axes
   900 | D:2      | 900 ||| Stepping ~*~*~tactically~*~*~ (stealth).
   901 | D:2      | 901 ||| Stepping ~*~*~tactically~*~*~ (stealth).
   902 | D:2      | 902 ||| Stepping ~*~*~tactically~*~*~ (stealth).
  1029 | D:2      | Noticed Jessica
  1030 | D:2      | 1030 ||| Stepping ~*~*~tactically~*~*~ (hiding).
  1042 | D:2      | HP: 5/28 [something/puff of flame (5)]
  1043 | D:2      | HP: 1/28 [something (4)]
  1044 | D:2      | Killed from afar by Jessica

Levels and vault maps discovered:
D:1:      enne_arrival_octagon_isle, layout_basic, serial_shops, shop,
          ebering_ecumenical_altar_abandoned, nicolae_figureground_pulse
D:2:      layout_basic, uniq_robin, uniq_jessica, uniq_sigmund

Skill      XL: |  1  2  3  4 |
---------------+-------------+-----
Axes           | 2 3 4 |  4.1
Fighting       | |  3.2
Armour         | |  3.2
Shields        | |  3.2

Action                     |  1- 3 |  4- 6 || total
---------------------------+-------+-------++-------
  Melee: War axe           |    74 |    29 ||   103
    Use: Scroll            |     3 |       ||     3
 Armour: Scale mail        |    34 |    21 ||    55
  Dodge: Dodged            |    34 |     3 ||    37
  Block: Buckler           |     7 |     3 ||    10

Table legend:
 A = Non-vault XP
 B = Vault XP
 C = Vault XP percentage of total XP
 D = Non-vault monster count
 E = Vault monster count
 F = Vault count percentage of total count
                 A         B        C        D         E       F
            +---------+---------+-------+---------+---------+-------
      Total |      79 |      34 |  30.1 |      27 |      12 |  30.8
            +---------+---------+-------+---------+---------+-------
        D:1 |      37 |       0 |   0.0 |      14 |       0 |   0.0
        D:2 |      42 |      34 |  44.7 |      13 |      12 |  48.0
            +---------+---------+-------+---------+---------+-------
